 Dungeon Crawl Stone Soup version 0.21-a0-529-g8c7b3f5 (webtiles) character file.

6560 Amnesiac the Thrower (level 11, -4/117 HPs)
             Began as an Ogre Arcane Marksman on Dec 11, 2017.
             Was a Priest of Okawaru.
             Slain by Snorg (6 damage)
             ... on level 11 of the Dungeon.
             The game lasted 00:28:09 (11998 turns).

Amnesiac the Thrower (Ogre Arcane Marksman)        Turns: 11998, Time: 00:28:10

Health: -4/117     AC: 10    Str: 17    XL:     11   Next: 1%
Magic:  9/16       EV: 10    Int: 15    God:    Okawaru [***...]
Gold:   481        SH:  9    Dex: 10    Spells: 8/17 levels left

rFire    + + +     SeeInvis +   R - +4 flail of Xaiguam {crush, rPois rF+++ rC- rN+ MR+}
rCold    x . .     Gourm    .   u - +0 shield
rNeg     + . .     Faith    +   Q - +0 steam dragon scales
rPois    +         Spirit   .   (helmet restricted)
rElec    .         Reflect  .   (no cloak)
rCorr    .         Harm     .   (gloves unavailable)
MR       ++...                  (boots unavailable)
Stlth    +.........             T - amulet of faith
HPRegen  0.29/turn              n - +4 ring of protection
MPRegen  0.15/turn              l - ring of see invisible

@: no status effects
A: large, unfitting armour, tough skin 1
a: Heroism, Renounce Religion


You were on level 11 of the Dungeon.
You worshipped Okawaru.
Okawaru was most pleased with you.
You were hungry.

You visited 2 branches of the dungeon, and saw 12 of its levels.

You collected 481 gold pieces.

Inventory:

Hand Weapons
 J - a +3 flail of draining
 N - a +1 scimitar of flaming
 R - the +4 flail of Xaiguam (weapon) {crush, rPois rF+++ rC- rN+ MR+}
   (You found it on level 10 of the Dungeon)

   It inflicts extra damage upon your enemies.
   It renders you almost immune to fire.
   It makes you vulnerable to cold.
   It protects you from poison.
   It protects you from negative energy.
   It affects your resistance to hostile enchantments.
Missiles
 e - 162 stones
 g - 2 javelins
 r - a large rock (quivered)
 F - 12 poisoned needles
 H - 2 javelins of penetration
Armour
 u - a +0 shield (worn)
 Q - +0 steam dragon scales (worn)
Jewellery
 l - a ring of see invisible (right hand)
 n - a +4 ring of protection (left hand)
 t - an uncursed ring of fire
 y - a +2 ring of strength
 z - an uncursed ring of teleportation
 A - an uncursed amulet of regeneration
 I - an uncursed ring of magical power
 T - an amulet of faith (around neck)
Wands
 c - a wand of flame (28)
 d - a wand of polymorph (11)
 E - a wand of random effects (28)
 G - a wand of clouds (4)
Scrolls
 i - 3 scrolls of identify {!r}
 p - 2 scrolls of teleportation {!r}
 v - a scroll of torment {!r}
 w - 8 scrolls of remove curse {!r}
 x - 2 scrolls of fog {!r}
 K - 2 scrolls of magic mapping {!r}
 L - 2 scrolls of enchant weapon {!r}
 P - a scroll of amnesia {!r}
 S - a scroll of blinking {!r}
Potions
 a - a potion of cancellation {!q}
 h - a potion of invisibility {!q}
 j - a potion of might {!q}
 k - 4 potions of curing {!q}
 s - 2 potions of flight {!q}
 D - a potion of heal wounds {!q}
 M - 2 potions of haste {!q}
 O - a potion of magic {!q}
Books
 b - a book of Debilitation

   Spells                             Type                      Level
   a - Corona                         Hexes                        1
   b - Slow                           Hexes                        2
   c - Inner Flame                    Hexes/Fire                   3
   d - Portal Projectile              Hexes/Translocation          3
   e - Cause Fear                     Hexes                        4
   f - Leda's Liquefaction            Hexes/Earth                  4
 C - a book of Misfortune

   Spells                             Type                      Level
   a - Confusing Touch                Hexes                        1
   b - Confuse                        Hexes                        3
   c - Gell's Gravitas                Translocation                3
   d - Petrify                        Transmutation/Earth          4
   e - Metabolic Englaciation         Hexes/Ice                    5
   f - Yara's Violent Unravelling     Hexes/Transmutation          5
 U - a book of Enchantments

   Spells                             Type                      Level
   a - Cause Fear                     Hexes                        4
   b - Yara's Violent Unravelling     Hexes/Transmutation          5
   c - Silence                        Hexes/Air                    5
   d - Deflect Missiles               Charms/Air                   6
   e - Discord                        Hexes                        8
Comestibles
 f - 9 bread rations
 m - 4 meat rations
 q - 9 royal jellies


   Skills:
 + Level 9.7 Fighting
 * Level 10.7 Throwing
 + Level 5.3 Dodging
 + Level 5.4 Shields
 - Level 3.5 Spellcasting
 - Level 5.0 Hexes
 + Level 1.4 Invocations


You had 8 spell levels left.
You knew the following spells:

 Your Spells              Type           Power        Failure   Level  Hunger
a - Corona                Hex            ###....      4%          1    None
b - Portal Projectile     Hex/Tloc       ##....       41%         3    ###....
c - Slow                  Hex            ###.....     8%          2    ##.....
e - Confuse               Hex            ###.....     16%         3    ###....


Dungeon Overview and Level Annotations

Branches:
Dungeon (11/15)            Temple (1/1) D:6            Lair (0/6) D:8
    Orc (0/2) D:10

Altars:
Ashenzari
Cheibriados
Dithmenos
Elyvilon
Fedhas
Gozag
Hepliaklqana
Kikubaaqudgha
Makhleb
Nemelex Xobeh
Okawaru
Qazlal
Ru
Sif Muna
Trog
Uskayaw
Vehumet
Wu Jian
Xom
Yredelemnul
Zin
The Shining One

Shops:
D:8 !

Annotations:
D:11 Snorg


Innate Abilities, Weirdness & Mutations

You are too large for most types of armour.
You have tough skin. (AC +1)


Message History

You block Snorg's attack.
Unknown command.
Casting: Confuse
Confirm with . or Enter, or press ? or * to list all spells.
Aiming: Confuse
Press: ? - help, Shift-Dir - straight line, f/p - Snorg
Aim: Snorg (moderately wounded, berserk, fast, unusually strong, softly glowing, chance to defeat MR: 16%) Snorg appears confused.
Snorg stops glowing.
Unknown command.
Quiver which item? (- for none, * to show all) (? for menu, Esc to quit)
Quivering
g - 2 javelins for throwing.
You see here 2 large rocks.
r - 2 large rocks Quiver which item? (- for none, * to show all) (? for menu, Esc to quit)
Quivering
r - 2 large rocks for throwing.
Throwing (i - inventory. (,) - cycle):
r - 2 large rocks (quivered)
Press: ? - help, Shift-Dir - straight line, f/p - Snorg
Aim: Snorg (moderately wounded, berserk, fast, unusually strong, confused)
You throw a large rock. The large rock hits Snorg!!!
Snorg is severely wounded.
Unknown command.
Throwing (i - inventory. (,) - cycle):
r - a large rock (quivered)
Press: ? - help, Shift-Dir - straight line, f/p - Snorg
Aim: Snorg (severely wounded, berserk, fast, unusually strong, confused)
You throw a large rock. The large rock barely misses Snorg.
Unknown command.
You see here a large rock.
r - a large rock Throwing (i - inventory. (,) - cycle):
r - a large rock (quivered)
Press: ? - help, Shift-Dir - straight line, f/p - Snorg
Aim: Snorg (heavily wounded, berserk, fast, unusually strong, confused)
You throw a large rock. The large rock hits Snorg!!
Snorg is severely wounded.
Unknown command.
You see here a large rock.
r - a large rock Throwing (i - inventory. (,) - cycle):
r - a large rock (quivered)
Press: ? - help, Shift-Dir - straight line, f/p - Snorg
Aim: Snorg (severely wounded, berserk, fast, unusually strong, confused)
You throw a large rock. The large rock barely misses Snorg.
Snorg seems less confused.
Snorg rages.
Unknown command.
You see here a large rock.
r - a large rock Snorg bites you but does no damage.
Snorg completely misses you. You block Snorg's attack. Snorg bites you.
Snorg closely misses you. Snorg claws you!
You see here a large rock.
r - 2 large rocks (gained 1)
You block Snorg's attack. Snorg claws you! Snorg claws you. Snorg bites you!!
* * * LOW HITPOINT WARNING * * *
Snorg claws you!!
* * * LOW HITPOINT WARNING * * *
You block Snorg's attack.
Throwing (i - inventory. (,) - cycle):
r - 2 large rocks (quivered)
Press: ? - help, Shift-Dir - straight line, f/p - Snorg
Aim: Snorg (severely wounded, berserk, fast, unusually strong)
You throw a large rock. The large rock hits Snorg!
Snorg is severely wounded.
Snorg bites you!!
* * * LOW HITPOINT WARNING * * *
Snorg claws you.
You die...

..# ...# #.# .T.# #.# #...
#.# ... .# #+# #.# ..
....##### #.# #.# .#
....#...## #.# #.###.##.#
.........###.####........#
...........(...T@.....####
.......((..†...########
.#...(.....<..##
.#.#.....#.#.##
........##.###
...#######.# ##..Y......#
###########


You could see Snorg (berserk).

Vanquished Creatures
  Erica (D:8)
  An ugly thing (D:10)
  The ghost of Amnesiac the Chucker, a novice OgAM of Okawaru (D:5)
  A gargoyle (D:10)
  A hippogriff (D:9)
  5 yaks
  Sigmund (D:4)
  A human (D:7)
  3 hogs (D:7)
  A steam dragon (D:9)
  The ghost of Nattefrost the Gusty, an amateur DrAE (D:4)
  A warg (D:10)
  An orc warrior (D:10)
  3 sky beasts
  A phantom (D:5)
  A necrophage (D:5)
  2 ogres
  3 centaurs
  A wyvern zombie (D:8)
  2 gnoll sergeants
  5 bullfrogs
  3 scorpions
  4 crimson imps
  2 jellies (D:10)
  A quasit (D:10)
  3 bullfrog skeletons
  6 hounds
  4 orc priests
  A centaur skeleton (D:3)
  2 orc wizards (D:9)
  Jessica (D:2)
  Terence (D:2)
  3 iguanas
  10 worker ants
  A hound zombie (D:7)
  A worker ant zombie (D:7)
  8 adders
  10 gnolls
  2 shadow imps
  2 oozes
  An adder zombie (D:5)
  2 adder skeletons (D:4)
  5 worms
  3 leopard geckos
  22 orcs
  7 bats
  3 giant cockroaches
  5 hobgoblins
  4 jackals
  4 quokkas
  A ball python (D:1)
  6 frilled lizards
  6 goblins
  4 kobolds
  A leopard gecko skeleton (D:6)
  A quokka skeleton (D:4)
  7 rats
184 creatures vanquished.

Notes
Turn   | Place    | Note
-------+----------+-------------------------------------------
     0 | D:1      | Amnesiac the Ogre Arcane Marksman began the quest for the Orb.
     0 | D:1      | Reached XP level 1. HP: 19/19 MP: 2/2
   427 | D:1      | Reached XP level 2. HP: 27/27 MP: 2/4
   536 | D:1      | You fall through a shaft!
  1017 | D:1      | Reached XP level 3. HP: 35/35 MP: 3/5
  1295 | D:2      | Learned a level 2 spell: Slow
  1349 | D:2      | Noticed Jessica
  1353 | D:2      | Killed Jessica
  1360 | D:2      | Noticed Terence
  1382 | D:2      | Killed Terence
  1382 | D:2      | Reached skill level 3 in Throwing
  1382 | D:2      | Reached XP level 4. HP: 8/44 MP: 3/7
  1943 | D:3      | Learned a level 3 spell: Portal Projectile
  2128 | D:3      | Reached XP level 5. HP: 28/52 MP: 8/8
  2846 | D:4      | Found a basalt altar of Yredelemnul.
  2903 | D:4      | Noticed Nattefrost's ghost (amateur DrAE)
  3108 | D:4      | Killed Nattefrost's ghost
  3108 | D:4      | Reached skill level 4 in Throwing
  3108 | D:4      | Reached XP level 6. HP: 20/61 MP: 7/10
  3281 | D:4      | Noticed Sigmund
  4091 | D:4      | Killed Sigmund
  4091 | D:4      | Reached XP level 7. HP: 65/70 MP: 9/11
  4103 | D:4      | Reached skill level 1 in Shields
  4228 | D:3      | Reached skill level 5 in Throwing
  5358 | D:5      | Entered Level 5 of the Dungeon
  5453 | D:5      | Reached skill level 5 in Fighting
  5463 | D:5      | Noticed Amnesiac's ghost (novice OgAM)
  5551 | D:5      | Killed Amnesiac's ghost
  5551 | D:5      | Reached skill level 6 in Throwing
  5551 | D:5      | Reached XP level 8. HP: 50/83 MP: 10/13
  6287 | D:5      | Found an ancient bone altar of Kikubaaqudgha.
  6292 | D:5      | Found an ornate altar of the Wu Jian Council.
  6296 | D:5      | Found a hazy altar of Hepliaklqana.
  6422 | D:5      | Reached skill level 7 in Throwing
  6539 | D:5      | Learned a level 3 spell: Confuse
  6553 | D:5      | Found a deep blue altar of Sif Muna.
  7113 | D:6      | Found an opulent altar of Gozag.
  7205 | D:6      | Reached XP level 9. HP: 92/92 MP: 14/14
  7229 | D:6      | Found a staircase to the Ecumenical Temple.
  7235 | Temple   | Entered the Ecumenical Temple
  7430 | Temple   | Became a worshipper of Warmaster Okawaru
  7480 | D:6      | Found an iron altar of Okawaru.
  8164 | D:7      | Reached skill level 8 in Throwing
  8521 | D:7      | Reached * piety under Okawaru
  8521 | D:7      | Reached skill level 5 in Hexes
  8722 | D:7      | Reached ** piety under Okawaru
  8831 | D:8      | Reached skill level 9 in Throwing
  8964 | D:8      | Found Wiqef's Distillery.
  9158 | D:8      | Found a staircase to the Lair.
  9207 | D:8      | Found a hide-covered altar of Uskayaw.
  9207 | D:8      | Noticed a dagger
  9208 | D:8      | Noticed a dagger
  9281 | D:8      | Found a blossoming altar of Fedhas.
  9427 | D:8      | Found a shimmering altar of Xom.
  9442 | D:8      | Noticed Erica
  9449 | D:8      | Killed Erica
  9449 | D:8      | Reached XP level 10. HP: 106/106 MP: 12/15
 10151 | D:9      | Reached skill level 10 in Throwing
 10171 | D:9      | Reached *** piety under Okawaru
 10713 | D:10     | Entered Level 10 of the Dungeon
 10721 | D:10     | Noticed a gargoyle
 10740 | D:10     | Killed a gargoyle
 10740 | D:10     | Reached skill level 5 in Dodging
 10740 | D:10     | Reached skill level 5 in Shields
 10887 | D:10     | Found a staircase to the Orcish Mines.
 11067 | D:10     | Got an ancient flail
 11068 | D:10     | Identified the +4 flail of Xaiguam {crush, rPois rF+++ rC- rN+ MR+} (You found it on level 10 of the Dungeon)
 11584 | D:11     | Noticed a purple ugly thing
 11641 | D:10     | Killed a brown ugly thing
 11641 | D:10     | Reached skill level 1 in Invocations
 11641 | D:10     | Reached XP level 11. HP: 44/117 MP: 1/16
 11964 | D:11     | Noticed Snorg
 11998 | D:11     | HP: 2/117 [Snorg (23)]
 11998 | D:11     | Slain by Snorg

Vault maps used:
D:1:      dpeg_arrival_signposts
D:2:      uniq_jessica, uniq_terence
D:4:      minivault_24, yredelemnul_altar_generic, uniq_sigmund
D:5:      minmay_overflow_temple_star_quad, lemuel_coloured_pillars_altar,
          first_bread
D:6:      cheibrodos_quashed, kennysheep_mini_moat, minmay_temple_entry_hall,
          hangedman_abyss_or_decor_stabs, okawaru_metal_pillars_1_2
D:7:      minivault_1, grunt_livestock
D:8:      dancing_weapons_uskayaw, lemuel_crystal_altar, dpeg_oklobed_lair,
          serial_shops, nicolae_shop_stone, fedhas_altar_4, uniq_erica
D:10:     david_orc_1_choice
D:11:     minmay_statue_hallways, serial_shops,
          nicolae_shop_temple_entry_statues_fountains, uniq_snorg, uniq_fannar
Temple:   regret_index_temple_generic_petals

Skill      XL: |  1  2  3  4  5  6  7  8  9 10 |
---------------+-------------------------------+-----
Dodging        | 2 3 4 5 |  5.3
Fighting       | 2 3 4 5 6 8 9 |  9.7
Hexes          | 3 4 5 |  5.0
Throwing       | 3 4 6 7 9 10 | 10.7
Spellcasting   | 2 3 |  3.5
Shields        | 2 3 4 5 |  5.4
Invocations    | 1 |  1.4

Action                   |  1- 3 |  4- 6 |  7- 9 | 10-12 || total
-------------------------+-------+-------+-------+-------++-------
Melee: Unarmed           |    19 |       |       |       ||    19
       Whip              |    23 |   110 |   362 |       ||   495
       Flail             |       |       |    19 |   127 ||   146
Throw: Stone             |    53 |    74 |   297 |   154 ||   578
       Javelin           |     6 |    19 |    41 |       ||    66
       Large rock        |     4 |     9 |    24 |    19 ||    56
       Throwing net      |     1 |       |     7 |       ||     8
 Cast: Corona            |    30 |    37 |    99 |    15 ||   181
       Slow              |       |       |    21 |       ||    21
       Confuse           |       |       |     3 |    37 ||    40
  Use: Scroll            |       |       |    10 |     9 ||    19
       Potion            |       |       |       |     2 ||     2
 Stab: Sleeping          |       |       |     1 |       ||     1
       Confused          |       |       |       |     3 ||     3
  Eat: Chunk             |     2 |    10 |    10 |    12 ||    34
       Fruit             |       |       |     8 |       ||     8
       Royal jelly       |       |       |     1 |       ||     1
Armor: Robe              |    32 |    54 |   139 |    24 ||   249
       Steam dragon scal |       |       |       |    28 ||    28
       Skin              |       |       |       |     3 ||     3
Dodge: Dodged            |    39 |    74 |   174 |    67 ||   354
Block: Shield            |       |     6 |   208 |    87 ||   301

Table legend:
 A = Spawn XP
 B = Non-spawn XP
 C = Spawn XP percentage of total XP
 D = Spawn monster count
 E = Non-spawn monster count
 F = Spawn count percentage of total count
 G = Total turns spent on level
                    A         B        C        D         E        F      G
               +---------+---------+-------+---------+---------+-------+---------
         Total |       0 |    9372 |   0.0 |       0 |     184 |   0.0 | 11998
               +---------+---------+-------+---------+---------+-------+---------
           D:1 |       0 |      36 |   0.0 |       0 |      20 |   0.0 |  1220
           D:2 |       0 |      88 |   0.0 |       0 |       9 |   0.0 |   653
           D:3 |       0 |     296 |   0.0 |       0 |      27 |   0.0 |  2356
           D:4 |       0 |     574 |   0.0 |       0 |      21 |   0.0 |  1292
           D:5 |       0 |    1217 |   0.0 |       0 |      17 |   0.0 |  1457
           D:6 |       0 |     317 |   0.0 |       0 |      10 |   0.0 |   672
           D:7 |       0 |    1687 |   0.0 |       0 |      25 |   0.0 |   934
           D:8 |       0 |    1223 |   0.0 |       0 |       6 |   0.0 |   796
           D:9 |       0 |    1853 |   0.0 |       0 |      23 |   0.0 |  1098
          D:10 |       0 |    1952 |   0.0 |       0 |      25 |   0.0 |  1201
          D:11 |       0 |     129 |   0.0 |       0 |       1 |   0.0 |    84
               +---------+---------+-------+---------+---------+-------+---------
